 Dungeon Crawl Stone Soup version 0.31.0-11-ge490571c62 (webtiles) character file.

Game seed: 5673188176144433887

9 browni3141 the Shooter (level 2, 22/22 HPs)
             Began as a Demonspawn Hunter on Jan 31, 2024.
             Got out of the dungeon alive.
             The game lasted 00:00:11 (311 turns).

browni3141 the Shooter (Demonspawn Hunter)           Turns: 311, Time: 00:00:12

Health: 22/22      AC:  3    Str: 11    XL:     2   Next: 3%
Magic:  2/2        EV: 12    Int:  9    God:
Gold:   56         SH:  0    Dex: 16    Spells: 1/1 levels left

rFire   . . .        a - +0 shortbow
rCold   . . .        (shield currently unavailable)
rNeg    . . .        c - +0 leather armour
rPois   .            (no helmet)
rElec   .            (no cloak)
rCorr   .            (no gloves)
SInv    .            (no boots)
Will    .....        (no amulet)
Stlth   ++           (no ring)
HPRegen 0.23/turn    (no ring)
MPRegen 0.08/turn

%: no passive effects
@: no status effects
A: claws 1
a: no special abilities


You escaped.
You visited 1 branch of the dungeon, and saw 1 of its levels.

You collected 56 gold pieces.

Inventory:

Hand Weapons
 a - a +0 shortbow (weapon)
Armour
 c - a +0 leather armour (worn)
Scrolls
 b - a scroll of butterflies
 d - a scroll of identify {unknown}
 e - a scroll of immolation {unknown}


   Skills:
 + Level 2.2 Fighting
 + Level 3.7 Ranged Weapons
 + Level 2.0 Dodging
 + Level 1.2 Stealth


You had one spell level left.
You didn't know any spells.
Your spell library was empty.

Dungeon Overview and Level Annotations

Branches:
Dungeon (1/15)

Altars:


Innate Abilities, Weirdness & Mutations

You have sharp fingernails.


Message History

Press ? for a list of commands and other information.
Found 15 gold pieces.
Found a staircase leading out of the dungeon.
Setting a skill training target for Axes at 18.0.
Setting a skill training target for Invocations at 14.0.
Setting a skill training target for Throwing at 11.0.
No target in view!
You now have 15 gold pieces.
Found three escape hatches in the floor.
There is an escape hatch in the floor here.
Key pressed, stopping explore.
No target in view!
You now have 26 gold pieces (gained 11).
A dart slug comes into view.
You shoot an arrow. The arrow hits the dart slug.
The dart slug is lightly wounded.
A dart slug is nearby!
You shoot an arrow. The arrow hits the dart slug.
The dart slug is moderately wounded.
No target in view!
You shoot an arrow. The arrow hits the dart slug.
The dart slug is severely wounded.
You shoot an arrow. The arrow hits the dart slug!
You kill the dart slug!
Your Stealth skill increases to level 1!
A rat comes into view.
You see here a scroll labelled YTZALURUFA.
You shoot an arrow. The arrow hits the rat.
You kill the rat!
d - a scroll labelled YTZALURUFA No target in view!
You now have 42 gold pieces (gained 16).
e - a scroll labelled GIDINAXTEYLU No target in view!
You now have 56 gold pieces (gained 14).
A bat comes into view.
You shoot an arrow. The arrow hits the bat.
You kill the bat!
A ball python and a frilled lizard come into view.
The ball python hisses angrily.
You shoot an arrow. The frilled lizard hisses angrily.
The arrow hits the ball python.
The ball python is heavily wounded.
There are monsters nearby!
You shoot an arrow.
The arrow barely misses the ball python.
There are monsters nearby!
You shoot an arrow.
The arrow closely misses the ball python.
The ball python closely misses you. The ball python grabs you.
The ball python constricts you.
The ball python bites you but does no damage.
The ball python constricts you.
There are monsters nearby!
You shoot an arrow. The arrow hits the ball python!
You kill the ball python!
A frilled lizard is nearby!
You shoot an arrow. The arrow hits the frilled lizard.
You kill the frilled lizard!
You see here a frilled lizard corpse.
A giant cockroach comes into view.
You shoot an arrow. The arrow hits the giant cockroach.
The giant cockroach is heavily wounded.
A giant cockroach is nearby!
You shoot an arrow.
The arrow closely misses the giant cockroach.
No target in view!
No target in view!
No target in view!
You shoot an arrow. The arrow hits the giant cockroach.
The giant cockroach is severely wounded.
The giant cockroach bites you.
A giant cockroach is nearby!
A giant cockroach is nearby!
A giant cockroach is nearby!
You shoot an arrow. The arrow hits the giant cockroach.
You kill the giant cockroach!
Your Dodging skill increases to level 2!
You have reached level 2!
Your demonic ancestry asserts itself...
Your fingernails lengthen.
Unknown command.
You can't go up here!
You can't go up here!
HP restored.
You see here a frilled lizard corpse.
Key pressed, stopping travel.
Unknown command.
You can't go up here!
A kobold comes into view. It is wielding a +0 dagger.
The kobold shouts!
You can't go up here!
A kobold is nearby!
You shoot an arrow. The arrow hits the kobold!
You kill the kobold!
No target in view!
No target in view!
There is a staircase leading out of the dungeon here.
You have escaped!

#.##.##.#.##.....
#..####.# #
#.#...... .##
#..####.#
#....#.###
#####.......#
#.#..#.#
#......########
........#
#.####.##.#.#..
#####.....
#....#...# ......
#..#...#.#
###########
##.#...#.#
#....@....#
#...#...#
#.........#
###.#.#..
#.8.....8.#
#######
#.........#
#.........# .
#.8.....8.# #
#.........#
#.........#
#.8.....8.#


There were no monsters in sight!

Vanquished Creatures
  A dart slug (D:1)
  A ball python (D:1)
  A bat (D:1)
  A giant cockroach (D:1)
  A frilled lizard (D:1)
  A kobold (D:1)
  A rat (D:1)
7 creatures vanquished.

Notes
Turn   | Place    | Note
-------+----------+-------------------------------------------
     0 | D:1      | browni3141 the Demonspawn Hunter began the quest for the
                  | Orb.
     0 | D:1      | Reached XP level 1. HP: 16/16 MP: 1/1
    35 | D:1      | Reached skill level 1 in Stealth
   191 | D:1      | Gained mutation: You have sharp fingernails. [demonic
                  | ancestry]
   191 | D:1      | Reached XP level 2. HP: 21/22 MP: 2/2
   311 | D:$      | Got out of the dungeon alive.

Illustrated notes

Levels and vault maps discovered:
D:1:      lemuel_arrival_broad_hall, layout_loops_cross, minmay_misc_feat_alley,
          minmay_domino_2

Skill      XL: |  1 |
---------------+----+-----
Stealth        | 1 |  1.2
Dodging        | 2 |  2.0
Fighting       | |  2.2
Ranged Weapons | |  3.7

Action                     || total
---------------------------++-------
   Fire: Shortbow          ||    16
 Armour: Leather armour    ||     2
  Dodge: Dodged            ||     1
